 Dungeon Crawl Stone Soup version 0.21.1-1-g345015fe64 (webtiles) character file.

1466 Oravi the Transmogrifier (level 8, 0/56 HPs)
             Began as a Merfolk Transmuter on Apr 27, 2018.
             Shot with an arrow by a centaur (17 damage)
             ... on level 5 of the Dungeon.
             The game lasted 00:23:06 (5299 turns).

Oravi the Transmogrifier (Merfolk Transmuter)       Turns: 5299, Time: 00:23:06

Health: 0/56       AC:  2    Str: 10    XL:     8   Next: 77%
Magic:  10/11      EV: 23    Int: 14    God:
Gold:   187        SH:  0    Dex: 20    Spells: 1/11 levels left

rFire    . . .     SeeInvis .     - Unarmed
rCold    . . .     Gourm    .   (shield currently unavailable)
rNeg     . . .     Faith    .   (armour currently unavailable)
rPois    x         Spirit   .   (helmet currently unavailable)
rElec    .         Reflect  .   (cloak currently unavailable)
rCorr    .         Harm     .   (gloves currently unavailable)
MR       .....                  (boots currently unavailable)
Stlth    +.........             (no amulet)
HPRegen  0.18/turn              q - ring of loudness (curse)
MPRegen  0.12/turn              (no ring)

@: spider-form (expiring)
A: tiny, (change form in water), (swift swim), (stealthy swim)
a: End Transformation


You were on level 5 of the Dungeon.
You were not hungry.
You were a venomous arachnid creature.
You visited 1 branch of the dungeon, and saw 5 of its levels.

You collected 187 gold pieces.

Inventory:

Missiles
 a - 55 arrows
 e - 113 stones (quivered)
Armour
 b - a +0 robe (melded)
 f - a +0 pair of boots (melded)
 m - a +1 helmet (melded)
Jewellery
 q - a cursed ring of loudness (left front leg)
Wands
 o - a wand of digging (9)
Scrolls
 i - a scroll of teleportation
Potions
 g - a potion of lignification
 j - a potion of cancellation
 k - 2 potions of haste
 n - a potion of resistance
 p - 2 potions of curing {unknown}
Books
 c - a book of Changes

   Spells                             Type                      Level
   a - Beastly Appendage              Transmutation                1
   b - Sticks to Snakes               Transmutation                2
   c - Spider Form                    Transmutation/Poison         3
   d - Ice Form                       Ice/Transmutation            4
   e - Blade Hands                    Transmutation                5
Comestibles
 d - 15 rations


   Skills:
 + Level 2.1 Fighting
 + Level 4.3 Dodging
 + Level 7.2 Unarmed Combat
 - Level 2.0 Spellcasting
 * Level 9.7 Transmutations
 * Level 0.8 Ice Magic
 + Level 3.8 Poison Magic


You had one spell level left.
You knew the following spells:

 Your Spells              Type           Power        Failure   Level  Hunger
a - Beastly Appendage     Tmut           ####..       3%          1    ##.....
b - Sticks to Snakes      Tmut           ####....     4%          2    ###....
c - Spider Form           Tmut/Pois      ###.......   13%         3    ####...
d - Ice Form              Ice/Tmut       ###.....     47%         4    #####..


Dungeon Overview and Level Annotations

Branches:
Dungeon (5/15)
 Temple: D:4-7

Altars:
Ashenzari
Fedhas
Makhleb
Sif Muna
Uskayaw
Xom

Annotations:
D:2 Sigmund
D:5 Blork the orc


Message History

The orc wizard gestures at you while chanting.
The magic dart hits you!
You hit the orc wizard.
You kill the orc wizard!
The orc completely misses you.
You completely miss the orc.
Your surroundings suddenly seem different.
A centaur comes into view.
The centaur shouts!
A worker ant comes into view.
The worker ant twitches its antennae in your direction.
The centaur wields a glowing shortbow.
It bursts into flame!
The centaur shoots an arrow.
The arrow completely misses you.
Found an arrow and a throwing net.
The centaur shoots an arrow.
The arrow barely misses you.
A crimson imp comes into view. It is wielding a short sword.
You see here an arrow.
The crimson imp shouts!
The centaur shoots an arrow.
The arrow hits you!
You die...

#.......#
#.......#
#.......#
#.c.....##
#.......5
#.....(.#
#......(#
#......a#
#######s#
#.# #..
##.. #.#
.. ..# #
## .


You could see a centaur, a worker ant and a crimson imp.

Vanquished Creatures
  Pikel (D:4)
  Duvessa (D:4)
  An orc warrior (D:5)
  An ice beast (D:4)
  An ogre (D:4)
  A phantom (D:4)
  Dowan (D:4)
  A water moccasin skeleton (D:4)
  A hound (D:5)
  An orc priest (D:4)
  2 orc wizards
  Jessica (D:2)
  A bullfrog skeleton (D:2)
  An iguana (D:4)
  Natasha (twice) (D:2)
  3 worker ants (D:4)
  Robin (D:2)
  An adder (D:4)
  A shadow imp (D:5)
  2 oozes
  3 worms
  A dart slug (D:3)
  3 leopard geckos
  8 orcs
  7 bats
  3 giant cockroaches
  13 goblins
  8 hobgoblins
  8 jackals
  4 kobolds
  2 quokkas
  2 ball pythons
  8 frilled lizards
  10 rats
105 creatures vanquished.

Notes
Turn   | Place    | Note
-------+----------+-------------------------------------------
     0 | D:1      | Oravi the Merfolk Transmuter began the quest for the Orb.
     0 | D:1      | Reached XP level 1. HP: 15/15 MP: 3/3
   511 | D:1      | Reached skill level 3 in Transmutations
   511 | D:1      | Reached XP level 2. HP: 21/21 MP: 3/5
   804 | D:1      | Found an opulent altar of Gozag.
   818 | D:1      | Found an ornate altar of the Wu Jian Council.
   818 | D:1      | Found a shimmering altar of Xom.
   821 | D:1      | Found a radiant altar of Vehumet.
   821 | D:1      | Found a bloodstained altar of Trog.
   821 | D:1      | Found a white marble altar of Elyvilon.
   918 | D:2      | Noticed Sigmund
  1112 | D:2      | Found a deep blue altar of Sif Muna.
  1177 | D:2      | Reached XP level 3. HP: 25/26 MP: 4/6
  1181 | D:2      | Learned a level 2 spell: Sticks to Snakes
  1185 | D:2      | Learned a level 3 spell: Spider Form
  1187 | D:2      | Found a blossoming altar of Fedhas.
  1285 | D:2      | Reached skill level 4 in Transmutations
  1527 | D:2      | Reached XP level 4. HP: 32/32 MP: 2/7
  1659 | D:2      | Noticed Natasha
  1662 | D:2      | Noticed Jessica
  1666 | D:2      | Killed Natasha
  1666 | D:2      | Reached skill level 5 in Transmutations
  1678 | D:2      | Killed Jessica
  1678 | D:2      | Reached XP level 5. HP: 16/37 MP: 5/8
  1892 | D:2      | Noticed Robin
  1905 | D:2      | Killed Robin
  2176 | D:2      | Noticed Natasha
  2184 | D:2      | Killed Natasha
  2184 | D:2      | Reached skill level 1 in Poison Magic
  2773 | D:3      | Noticed a hand axe
  2774 | D:3      | Noticed a hand axe
  2779 | D:3      | Reached skill level 6 in Transmutations
  2971 | D:3      | Found a hide-covered altar of Uskayaw.
  3541 | D:4      | Noticed a phantom
  3591 | D:4      | Killed a phantom
  3591 | D:4      | Reached XP level 6. HP: 37/43 MP: 2/9
  3877 | D:4      | Noticed Pikel
  3879 | D:4      | Noticed a slave
  3879 | D:4      | Noticed a slave
  3881 | D:4      | Noticed a slave
  3881 | D:4      | Noticed a slave
  3893 | D:4      | HP: 1/43 [slave[Pikel] (6)]
  3897 | D:4      | Killed Pikel
  3897 | D:4      | Reached skill level 5 in Unarmed Combat
  3897 | D:4      | Reached skill level 8 in Transmutations
  3897 | D:4      | Reached XP level 7. HP: 28/48 MP: 8/10
  4077 | D:4      | Found a burning altar of Makhleb.
  4117 | D:4      | Reached XP level 8. HP: 50/54 MP: 7/11
  4287 | D:4      | Noticed Duvessa
  4308 | D:4      | Noticed Dowan
  4662 | D:4      | Found a shattered altar of Ashenzari.
  4734 | D:4      | Reached skill level 9 in Transmutations
  4761 | D:4      | Killed Duvessa
  4768 | D:4      | Killed Dowan
  5103 | D:5      | Entered Level 5 of the Dungeon
  5138 | D:4      | Learned a level 4 spell: Ice Form
  5198 | D:5      | Noticed Blork the orc
  5299 | D:5      | Shot with an arrow by a centaur

Skill      XL: |  1  2  3  4  5  6  7  8 |
---------------+-------------------------+-----
Transmutations | 3 4 5 6 8 9 |  9.7
Unarmed Combat | 4 5 7 |  7.2
Dodging        | 3 4 |  4.3
Poison Magic   | 2 3 |  3.8
Fighting       | 2 |  2.1
Spellcasting   | |  2.0
Ice Magic      | |  0.8

Action                   |  1- 3 |  4- 6 |  7- 9 || total
-------------------------+-------+-------+-------++-------
Melee: Unarmed           |    67 |   133 |    89 ||   289
       Headbutt          |    11 |       |       ||    11
Throw: Stone             |     6 |     5 |     2 ||    13
 Cast: Beastly Appendage |    18 |     1 |       ||    19
       Spider Form       |     4 |    28 |    14 ||    46
       Sticks to Snakes  |       |     3 |       ||     3
 Abil: End Transformatio |       |     1 |     2 ||     3
  Use: Scroll            |     6 |     1 |     4 ||    11
       Potion            |       |     1 |       ||     1
 Stab: Sleeping          |     2 |     1 |       ||     3
  Eat: Chunk             |     3 |    11 |     7 ||    21
Armor: Robe              |    16 |     6 |       ||    22
       Skin              |     1 |     6 |     1 ||     8
Dodge: Dodged            |    50 |   100 |    65 ||   215
